 Dungeon Crawl Stone Soup version 0.30.1-11-g7821555f0a (webtiles) character file.

Game seed: 9054449533662011715

79173 octoduck the Green Death (level 15, -11/113 HPs)
             Began as a Demonspawn Monk on Dec 2, 2023.
             Was a High Priest of Fedhas.
             Killed by an exploding ballistomycete spore (31 damage)
             ... set off by their pet
             ... on level 1 of the Shoals on Dec 3, 2023.
             The game lasted 01:42:22 (29866 turns).

octoduck the Green Death (Demonspawn Monk)         Turns: 29866, Time: 01:42:25

Health: -11/113    AC: 19    Str: 11    XL:     15   Next: 20%
Magic:  22/25      EV: 16    Int: 14    God:    Fedhas [*****.]
Gold:   188        SH:  0    Dex: 27    Spells: 14/14 levels left

rFire   . . .        a - +3 demon blade (elec)
rCold   + . .        T - +0 kite shield
rNeg    . . .        y - +4 scale mail of the Lobster {Slay+5}
rPois   .            w - +2 helmet
rElec   +            F - +2 cloak
rCorr   .            (no gloves)
SInv    .            G - +0 pair of boots
Will    ++...        j - amulet of reflection Stlth
                     e - ring of flight
HPRegen 0.38/turn    l - ring "Baimiynk" {rElec rC+ Will+ Dex+6}
MPRegen 0.19/turn

%: reflection
@: confused, flying
A: claws 2, repulsion field 2, powered by pain 1, augmentation 1
a: Renounce Religion, Wall of Briars, Grow Ballistomycete, Overgrow, Grow Oklob


You were on level 1 of the Shoals.
You worshipped Fedhas.
Fedhas was extremely pleased with you.
You visited 5 branches of the dungeon, and saw 24 of its levels.

You collected 2607 gold pieces.
You spent 2419 gold pieces at shops.

Inventory:

Hand Weapons
 a - a +3 demon blade of electrocution (weapon)
 b - a +5 short sword of freezing
Missiles
 u - 55 poisoned darts (quivered)
 O - 3 datura-tipped darts
Armour
 w - a +2 helmet (worn)
 y - the +4 scale mail of the Lobster (worn) {Slay+5}
   (You took it off a kobold on level 4 of the Dungeon)

   Slay:      It affects your accuracy & damage with ranged weapons and melee
   (+5).
 F - a +2 cloak (worn)
 G - a +0 pair of boots (worn)
 T - a +0 kite shield (worn)
Jewellery
 e - a ring of flight (left claw)
 g - a ring of see invisible
 j - an amulet of reflection (around neck)
 l - the ring "Baimiynk" (right claw) {rElec rC+ Will+ Dex+6}
   (You acquired it on level 10 of the Dungeon)

   [ring of dexterity]

   Dex:       It affects your dexterity (+6).
   rC:        It protects you from cold.
   rElec:     It insulates you from electricity.
   Will:      It increases your willpower.
 H - a ring of positive energy
 M - a ring of poison resistance
 N - a +4 ring of slaying
 R - a ring of protection from fire
Wands
 c - a wand of polymorph (6)
 d - a wand of mindburst (11)
 q - a wand of paralysis (26)
 C - a wand of light (5)
 K - a wand of digging (10)
 X - a wand of roots (4)
 Y - a wand of flame (15)
Scrolls
 f - 13 scrolls of teleportation
 h - 6 scrolls of poison
 k - 3 scrolls of silence
 m - 3 scrolls of butterflies
 n - 3 scrolls of magic mapping
 p - 3 scrolls of blinking
 s - 6 scrolls of fog
 t - 5 scrolls of fear
 B - 5 scrolls of vulnerability
 V - 3 scrolls of enchant armour
Potions
 i - 4 potions of lignification
 r - 6 potions of brilliance
 v - 10 potions of curing
 x - 3 potions of haste
 z - 2 potions of cancellation
 A - a potion of magic
 E - 2 potions of resistance
 I - 7 potions of heal wounds
 J - a potion of berserk rage
 L - 5 potions of flight
 P - 4 potions of might
 Q - 2 potions of invisibility
 W - a potion of ambrosia
Miscellaneous
 o - a condenser vane
 S - a box of beasts
 U - a phantom mirror (inert)
 Z - a piece from Xom's chessboard (15/15)


   Skills:
 * Level 9.3 Fighting
 - Level 14.0 Long Blades
 - Level 5.1 Armour
 + Level 9.2 Dodging
 - Level 5.8 Stealth
 - Level 9.0 Shields
 - Level 14.3 Invocations
 - Level 10.0 Evocations


You had 14 spell levels left.
You didn't know any spells.
Your spell library contained the following spells:

 Spells                   Type           Power      Damage    Failure   Level
 Sting                    Tmut/Pois      0%         1d3       99%         1
 Blink                    Tloc           0%         N/A       100%        2
 Cigotuvi's Dreadful Rot  Necr/Pois/Air  0%         N/A       100%        2
 Lesser Beckoning         Tloc           0%         N/A       100%        2
 Momentum Strike          Conj/Tloc      0%         3d8       100%        2
 Poisonous Vapours        Pois/Air       0%         N/A       100%        2
 Sublimation of Blood     Necr           0%         N/A       100%        2
 Wereblood                Tmut           0%         N/A       100%        2
 Gell's Gravitas          Tloc           0%         N/A       100%        3
 Ignite Poison            Fire/Tmut/Pois 0%         N/A       100%        3
 Inner Flame              Hex/Fire       0%         N/A       100%        3
 Ozocubu's Armour         Ice            0%         N/A       100%        3
 Portal Projectile        Hex/Tloc       0%         N/A       100%        3
 Stone Arrow              Conj/Erth      0%         3d7       100%        3
 Teleport Other           Tloc           0%         N/A       100%        3
 Tukima's Dance           Hex            0%         N/A       100%        3
 Animate Armour           Summ/Erth      0%         N/A       100%        4
 Animate Dead             Necr           0%         N/A       100%        4
 Flame Wave               Conj/Fire      0%         2d4       100%        4
 Manifold Assault         Tloc           0%         N/A       100%        4
 Olgreb's Toxic Radiance  Pois           0%         N/A       100%        4
 Sticky Flame             Conj/Fire      0%         2d3       100%        4
 Blade Hands              Tmut           0%         N/A       100%        5
 Freezing Cloud           Conj/Ice/Air   0%         6-21      100%        5
 Metabolic Englaciation   Hex/Ice        0%         N/A       100%        5
 Dispersal                Tloc           0%         N/A       100%        6
 Simulacrum               Ice/Necr       0%         N/A       100%        6
 Haunt                    Necr/Summ      0%         N/A       100%        7
 Storm Form               Tmut/Air       0%         N/A       100%        7
 Summon Hydra             Summ           0%         N/A       100%        7
 Disjunction              Tloc           0%         N/A       100%        8
 Infestation              Necr           0%         N/A       100%        8
 Lehudib's Crystal Spear  Conj/Erth      0%         10d2      100%        8


Dungeon Overview and Level Annotations

Branches:
Dungeon (15/15)            Temple (1/1) D:5            Lair (5/5) D:8
 Shoals (1/4) Lair:3       Spider (0/4) Lair:2        Slime (0/5) Lair:4
    Orc (2/2) D:11            Elf (0/3) Orc:2        Vaults (0/5) D:13
 Depths (0/4) D:15

Altars:
Ashenzari
Cheibriados
Dithmenos
Fedhas
Gozag
Hepliaklqana
Kikubaaqudgha
Makhleb
Nemelex Xobeh
Okawaru
Qazlal
Ru
Sif Muna
Trog
Uskayaw
Vehumet
Wu Jian
Xom
Yredelemnul

Shops:
D:1 *   D:8 ?   Orc:2 (=*[

Annotations:
D:12 Josephine, Snorg


Innate Abilities, Weirdness & Mutations

You have very sharp fingernails.
You are surrounded by a moderate repulsion field. (EV +3)
You sometimes gain a little power by taking damage.
Your magical and physical power is slightly enhanced at high health.


Message History

The air twists around and strikes you!
You slash the wind drake!
The wind drake is moderately wounded.
The harpy claws you. You block the harpy's attack.
The wind drake bites you but does no damage.
You slice the wind drake!!
The wind drake is severely wounded.
You block the harpy's attack. The harpy claws you but does no damage.
The merfolk javelineer throws a javelin.
The javelin pierces through you!
The javelin pierces through the wind drake!!
The wind drake dies!
You hit the harpy.
The harpy is lightly wounded.
You block the harpy's attack. x2
The merfolk javelineer throws a javelin.
The javelin barely misses you.
The javelin pierces through the harpy!!
A ballistomycete spore comes into view.
You slice the harpy!!
The harpy is heavily wounded.
The harpy barely misses you. The harpy closely misses you.
The harpy barely misses you. The harpy claws you but does no damage.
The harpy claws you.
* * * LOW HITPOINT WARNING * * *
You block the harpy's attack.
The merfolk javelineer throws a javelin.
The javelin pierces through you!
* * * LOW HITPOINT WARNING * * *
The javelin pierces through the harpy!!
The harpy dies!
A ballistomycete spore comes into view.
Your ballistomycete spore explodes!
The harpy appears confused.
The explosion of spores engulfs the harpy!!
You kill the harpy!
Fedhas appreciates your contribution to the ecosystem.
The explosion of spores engulfs you!!
You are confused.
You die...
Fedhas appreciates your contribution to the ecosystem.

### ##.~..~~≈≈≈≈≈≈≈≈≈≈≈≈≈
####..~~~~~~~~~~≈≈≈≈≈≈≈≈
#....~~~~~~~~~~~~~~≈≈≈≈≈
#....~~~~~~~~~~~~~~~~~~~
##...~~~~~~~~~~~~~~~~~~~~
#....~~~~~~~~~~~~~~~~~(~~
...~~~~~P~..P~~~~†H.~~~~~
.~~~~PP~P~...P~~~†# ~~~
.~~P~~P~~PPP..~†@## .H~~~
..~~≈≈PP~PP#..~P.###..~~~
.~~~≈≈≈~~~...†~*m.#...~~~
.~~≈≈≈≈~~~~~~~~~~....~~~~
~~~≈≈≈≈≈~~~~~........~~~~
~~≈≈≈≈≈≈~~~~~?#.....~~.~~
~~≈≈≈≈≈≈~~~~~~~.....~..~~
~≈≈≈≈≈≈~~~~~~~~......~~~~
≈≈≈≈≈≈~~~~~~~~.......~~~~


You could see a merfolk javelineer (ally target), a harpy, a friendly
ballistomycete (summoned) and a friendly ballistomycete spore.

Vanquished Creatures
  Gastronok (Lair:1)
  An orc warlord (Orc:2)
  Nessos (D:15)
  A minotaur (Lair:1)
  A fire dragon (Lair:5)
  A yaktaur captain (D:13)
  2 rakshasas (D:15)
  5 hydras
  A merfolk avatar (Shoals:1)
  2 ogre magi (D:15)
  A merfolk aquamancer (Shoals:1)
  3 centaur warriors
  8 two-headed ogres
  A death knight (D:15)
  4 boulder beetles
  A tengu warrior (D:15)
  2 skysharks (Shoals:1)
  A pharaoh ant (Lair:2)
  3 sea snakes (Shoals:1)
  Lodul (D:13)
  An obsidian statue (D:15)
  A swamp dragon (Lair:5)
  2 wizards
  A wolf spider zombie (D:15)
  3 orc knights (Orc:2)
  2 lindwurms
  4 deep elf pyromancers
  Pikel (D:8)
  2 harpies (Shoals:1)
  6 orc sorcerers
  A necromancer (D:15)
  5 cyclopes
  2 ugly things
  7 manticores
  9 elephants
  3 fauns (Shoals:1)
  2 black mambas
  A naga mage (D:15)
  A centaur skeleton (D:15)
  A smoke demon (D:15)
  4 cane toads
  2 orange demons (D:15)
  2 komodo dragons
  5 rime drakes
  3 kobold demonologists
  An unseen horror (D:10)
  2 yaktaurs (D:13)
  2 efreet (D:14)
  A tengu conjurer (D:15)
  3 meliai (D:15)
  A queen bee (shapeshifter) (D:12)
  11 trolls
  A hornet (D:8)
  A merfolk (Shoals:1)
  A wind drake (Shoals:1)
  A polar bear (Lair:5)
  A shadow (D:10)
  9 slime creatures
  3 snapping turtles
  2 jumping spiders (Lair:2)
  3 wyverns
  3 wraiths
  3 water elementals (Shoals:1)
  2 vampires
  A ynoxinul (D:15)
  4 basilisks
  28 yaks
  A human (D:5)
  6 steam dragons
  A chaos spawn (D:15)
  6 vampire mosquitoes
  5 wargs
  4 acid dragons
  7 water moccasins
  2 swamp drakes (Lair:5)
  3 black bears
  21 orc warriors
  5 ice beasts
  18 ogres
  3 boggarts (D:15)
  4 centaurs
  2 lemures (D:8)
  6 kobold brigands
  A phantom (D:8)
  13 bullfrogs
  5 scorpions
  A hornet simulacrum (D:14)
  13 wights
  Dowan (D:7)
  4 howler monkeys (D:11)
  6 electric eels
  3 crimson imps (D:15)
  A jelly (D:5)
  3 hounds
  12 orc priests
  Natasha (thrice) (D:3)
  An iron imp (D:15)
  13 iguanas
  17 orc wizards
  4 hell rats (Lair:3)
  A boggart skeleton (D:15)
  8 gnolls (D:2)
  7 adders
  2 shadow imps (D:15)
  3 white imps
  3 ufetubi
  A worm (D:2)
  A dart slug (D:2)
  67 orcs
  6 endoplasms
  6 giant cockroaches
  3 goblins
  11 hobgoblins
  2 jackals (D:1)
  20 kobolds
  7 quokkas
  8 ball pythons
  7 bats
  A frilled lizard (D:2)
  A goblin zombie (D:5)
  A kobold zombie (D:5)
  5 rats
562 creatures vanquished.

Vanquished Creatures (collateral kills)
  An orc high priest (Orc:2)
  An orc knight (Orc:2)
  5 yaks
  A warg (Orc:2)
  Duvessa (D:7)
  An orc priest (Orc:2)
  2 orc wizards (Orc:2)
  3 orcs (Orc:2)
  67 ballistomycete spores
82 creatures vanquished.

Vanquished Creatures (others)
  A harpy (Shoals:1)
  A wind drake (Shoals:1)
  4 ballistomycete spores
6 creatures vanquished.

Grand Total: 650 creatures vanquished

Notes
Turn   | Place    | Note
-------+----------+-------------------------------------------
     0 | D:1      | octoduck the Demonspawn Monk began the quest for the Orb.
     0 | D:1      | Reached XP level 1. HP: 18/18 MP: 1/1
    66 | D:1      | Found a faded altar of an unknown god.
   110 | D:1      | Gained mutation: You have sharp fingernails. [demonic
                  | ancestry]
   110 | D:1      | Reached XP level 2. HP: 20/24 MP: 2/2
   118 | D:1      | Prayed at the altar of an unknown god.
   118 | D:1      | Became a worshipper of Fedhas Madash
   118 | D:1      | Reached * piety under Fedhas
   118 | D:1      | Reached ** piety under Fedhas
   251 | D:1      | Reached skill level 1 in Invocations
   258 | D:1      | Reached *** piety under Fedhas
   419 | D:1      | Found Qukyal's General Store.
   476 | D:1      | Bought a scroll of identify for 26 gold pieces
   598 | D:1      | Reached XP level 3. HP: 29/29 MP: 4/4
   924 | D:2      | Gained mutation: You are surrounded by a mild repulsion
                  | field. (EV +2) [demonic ancestry]
   924 | D:2      | Reached XP level 4. HP: 11/35 MP: 4/6
  1738 | D:2      | Reached **** piety under Fedhas
  1739 | D:2      | Reached XP level 5. HP: 35/41 MP: 7/7
  2122 | D:3      | Noticed a water moccasin
  2355 | D:3      | Found a hide-covered altar of Uskayaw.
  3208 | D:4      | Identified the +4 scale mail of the Lobster {Slay+5}
  3319 | D:4      | Reached skill level 5 in Long Blades
  3407 | D:4      | Reached XP level 6. HP: 47/47 MP: 9/9
  3442 | D:4      | Reached skill level 1 in Stealth
  3622 | D:4      | Noticed Natasha
  3651 | D:3      | Killed Natasha
  3711 | D:3      | Noticed Natasha
  3722 | D:3      | Killed Natasha
  3724 | D:3      | Noticed Natasha
  3736 | D:3      | Killed Natasha
  3902 | D:5      | Entered Level 5 of the Dungeon
  3915 | D:5      | Reached XP level 7. HP: 36/52 MP: 10/10
  4192 | D:5      | Reached ***** piety under Fedhas
  4324 | D:5      | Found a runed translucent door.
  4326 | D:5      | Noticed a human
  4327 | D:5      | You are sucked into a shaft and drop 2 floors!
  4469 | D:6      | Gained mutation: You sometimes gain a little power by
                  | taking damage. [demonic ancestry]
  4469 | D:6      | Reached XP level 8. HP: 29/58 MP: 11/11
  4546 | D:5      | Found a basalt altar of Yredelemnul.
  4890 | D:5      | Found a staircase to the Ecumenical Temple.
  4901 | Temple   | Entered the Ecumenical Temple
  5340 | D:6      | Reached skill level 5 in Stealth
  6203 | D:6      | Gained mutation: You are surrounded by a moderate repulsion
                  | field. (EV +3) [demonic ancestry]
  6203 | D:6      | Reached XP level 9. HP: 34/63 MP: 12/12
  7040 | D:7      | Noticed Duvessa
  7040 | D:7      | Noticed Dowan
  7779 | D:7      | Killed Duvessa
  7780 | D:7      | Reached skill level 10 in Long Blades
  7785 | D:7      | Killed Dowan
  7865 | D:8      | Reached skill level 5 in Dodging
  8010 | D:8      | Found Oneycu Uhuin's Magic Scroll Emporium.
  8020 | D:8      | Bought a scroll of butterflies for 44 gold pieces
  8020 | D:8      | Bought a scroll of identify for 22 gold pieces
  8020 | D:8      | Bought a scroll of blinking for 82 gold pieces
  8473 | D:1      | Bought a potion of haste for 130 gold pieces
  8517 | D:2      | Reached XP level 10. HP: 69/70 MP: 13/13
  8721 | D:8      | Noticed Pikel
  8737 | D:8      | Killed Pikel
  8753 | D:8      | Found a staircase to the Lair.
  9819 | D:9      | Found a shimmering blue altar of Sif Muna.
  9966 | D:9      | Found a sacrificial altar of Ru.
 10526 | D:9      | Found an iron altar of Okawaru.
 10526 | D:9      | Found a broken altar of Ashenzari.
 10728 | D:10     | Entered Level 10 of the Dungeon
 10781 | D:10     | Noticed a two-headed ogre
 10942 | D:10     | Gained mutation: You have very sharp fingernails. [demonic
                  | ancestry]
 10942 | D:10     | Reached XP level 11. HP: 72/75 MP: 10/14
 11079 | D:10     | Identified a scroll of acquirement
 11080 | D:10     | Acquired the ring "Baimiynk" {rElec rC+ Will+ Dex+6}
 11322 | D:10     | Noticed a centaur warrior
 11340 | D:10     | Killed a centaur warrior
 11341 | D:10     | Reached skill level 1 in Shields
 11697 | D:10     | Killed a two-headed ogre
 11761 | D:11     | Found a staircase to the Orcish Mines.
 12052 | D:11     | Noticed a two-headed ogre
 12395 | D:11     | Killed a two-headed ogre
 12396 | D:11     | Reached skill level 5 in Invocations
 12529 | D:11     | Identified the +1 robe "Mucuupoa" {MP+9 Str+3 Dex+2}
 12607 | Lair:1   | Entered Level 1 of the Lair of Beasts
 13407 | Lair:1   | Found a runed translucent door.
 13457 | Lair:1   | Noticed Gastronok
 13564 | Lair:1   | Noticed a minotaur
 13573 | Lair:1   | Killed a minotaur
 13999 | Lair:1   | Reached skill level 5 in Shields
 14292 | Lair:1   | Reached XP level 12. HP: 66/81 MP: 17/17
 15341 | Lair:2   | Found a hole to the Spider Nest.
 16163 | Lair:3   | Noticed an eight-headed hydra
 16582 | Lair:4   | Reached skill level 1 in Evocations
 16734 | Lair:4   | Reached skill level 10 in Invocations
 16860 | Lair:4   | You fall into a shaft and drop 1 floor!
 16860 | Lair:5   | Entered Level 5 of the Lair of Beasts
 17120 | Lair:5   | Noticed a boulder beetle
 17170 | Lair:5   | Killed a boulder beetle
 17236 | Lair:4   | Found a staircase to the Slime Pits.
 17828 | Lair:5   | Noticed an eight-headed hydra
 17828 | Lair:5   | Noticed a six-headed hydra
 17934 | Lair:5   | Reached XP level 13. HP: 86/86 MP: 21/21
 18565 | Orc:1    | Entered Level 1 of the Orcish Mines
 18885 | Orc:1    | Paralysed by an orc sorcerer for 2 turns
 19401 | Orc:2    | Entered Level 2 of the Orcish Mines
 19763 | Orc:2    | Found a staircase to the Elven Halls.
 19974 | Orc:2    | Reached skill level 5 in Evocations
 20032 | Orc:2    | Noticed an orc warlord
 20052 | Orc:2    | Killed an orc warlord
 20416 | Orc:2    | Found Jilum's Antique Weapon Boutique.
 20433 | Orc:2    | Found Zyhuyga's General Store.
 20580 | Orc:2    | Found Goebler's Antique Armour Boutique.
 20642 | Orc:2    | Found Yjuic's Jewellery Boutique.
 20893 | Orc:2    | Bought an amulet of reflection for 450 gold pieces
 21041 | D:8      | Bought a scroll of teleportation for 33 gold pieces
 21041 | D:8      | Bought a scroll of teleportation for 33 gold pieces
 21041 | D:8      | Bought a scroll of enchant armour for 82 gold pieces
 21041 | D:8      | Bought a scroll of enchant weapon for 82 gold pieces
 21041 | D:8      | Bought a scroll of fear for 44 gold pieces
 21041 | D:8      | Bought a scroll of fog for 44 gold pieces
 21178 | D:1      | Bought a condenser vane for 520 gold pieces
 21454 | Lair:1   | Killed Gastronok
 21455 | Lair:1   | Reached skill level 1 in Armour
 22257 | Lair:5   | Noticed a fire dragon
 22281 | Lair:5   | Killed a fire dragon
 22416 | Lair:5   | Identified the +0 robe "Kytynwuh" {Rampage rF- Int+7
                  | Stlth-}
 22432 | Lair:5   | Identified the +1 robe of Koelysyu {rElec rPois rF+}
 23030 | D:12     | Noticed Snorg
 23349 | D:12     | Noticed Josephine
 23814 | D:13     | Noticed Lodul
 24036 | D:13     | Gained mutation: Your magical and physical power is
                  | slightly enhanced at high health. [demonic ancestry]
 24036 | D:13     | Reached XP level 14. HP: 93/93 MP: 24/24
 24441 | D:13     | Found a gate to the Vaults.
 24609 | D:13     | Killed Lodul
 24714 | Orc:2    | Bought a glowing cloak for 187 gold pieces
 25049 | Orc:2    | Bought a phantom mirror for 640 gold pieces
 25975 | D:14     | Reached skill level 5 in Armour
 26120 | D:15     | Entered Level 15 of the Dungeon
 26917 | D:15     | Reached skill level 5 in Fighting
 27205 | D:15     | Noticed Nessos
 27220 | D:15     | Killed Nessos
 27799 | D:15     | Found a staircase to the Depths.
 28336 | D:15     | Reached skill level 10 in Evocations
 28775 | Lair:3   | Found a staircase to the Shoals.
 28816 | Shoals:1 | Entered Level 1 of the Shoals
 28822 | Shoals:1 | Found Zum Odotsydd's Antique Weapon Shop.
 28843 | Shoals:1 | Reached XP level 15. HP: 95/110 MP: 25/25
 29866 | Shoals:1 | Killed by an exploding ballistomycete spore... set off by
                  | their pet

Illustrated notes

Levels and vault maps discovered:
D:1:      dpeg_arrival_simpleton_a, layout_rooms, ebering_ecumenical_altar_box,
          serial_shops, shop, minmay_misc_feat_secret_circle,
          nrook_mini_backslash, minmay_pentomino_q4
D:2:      layout_basic, minmay_joined_circles
D:3:      layout_loops_cross, nicolae_overflow_squiral, grunt_ministairs_8
D:4:      layout_rooms, minmay_fountain_box, nicolae_kite_square_tiling_tiny,
          uniq_natasha
D:5:      layout_basic, dk_yredelemnul_ordeal, minmay_temple_entry_ruins,
          nicolae_ossuary_entry_false_entrances, nicolae_figureground_sparkle
D:6:      layout_cave_pools
D:7:      layout_loops_corners, uniq_duvessa
D:8:      layout_rooms, lair_entry_dummy, serial_shops, shop,
          small_statue_alley_b, serial_bayou_lake_a, uniq_pikel
D:9:      layout_gridville, mainiacjoe_overflow_cross_hatched,
          gammafunk_temple_overflow_wave, nicolae_ru_path_of_blood
D:10:     layout_cross, lightli_fourway_metalbox
D:11:     layout_long_grid, orc_0_dummy
D:12:     layout_gridville, minmay_fractal_squares_gapless_5, uniq_josephine,
          uniq_snorg
D:13:     layout_cave_pools, david_vaults_2, uniq_lodul
D:14:     layout_roguey, roderic_lattice_octagonal_star
D:15:     grunt_enter_depths_magical_seal, layout_long_grid, nicolae_sextant,
          hangedman_devilish_allure, uniq_nessos
Temple:   hellmonk_temple_of_storms
Lair:1:   dreamdust_labyrinth, layout_layer_cave, uniq_gastronok
Lair:2:   layout_cave_pods, nicolae_spider_entry_lesser_pyramids,
          chequers_serial_rivers_micro_a
Lair:3:   layout_gridlike, minmay_shoals_entry_hut
Lair:4:   layout_cave_shapes, slime_entry_1
Lair:5:   guppyfry_lair_end_dragon, layout_concentric_octagons, st_stairs_10,
          infiniplex_staircase_pool
Shoals:1: layout_shoals, serial_shops, nicolae_shop_getting_attention
Orc:1:    layout_diamond_mine, abandoned_shop
Orc:2:    grunt_orc_cross, layout_diamond_mine, basic_altar

Skill      XL: |  1  2  3  4  5  6  7  8  9 10 11 12 13 14 15 |
---------------+----------------------------------------------+-----
Long Blades    | 3 4 5 6 7 9 10 12 13 14 | 14.0
Invocations    | 1 2 3 4 7 10 13 14 | 14.3
Stealth        | 2 3 5 |  5.8
Dodging        | 5 8 9 |  9.2
Shields        | 5 7 9 |  9.0
Evocations     | 3 7 10 | 10.0
Armour         | 3 5 |  5.1
Fighting       | 8 9 |  9.3

Action                     |  1- 3 |  4- 6 |  7- 9 | 10-12 | 13-15 || total
---------------------------+-------+-------+-------+-------+-------++-------
  Melee: Falchion          |   116 |   196 |   134 |       |       ||   446
         Punch             |       |     4 |     5 |     4 |       ||    13
         Long sword        |       |       |   139 |       |       ||   139
         Unarmed           |       |       |     3 |       |       ||     3
         Demon blade       |       |       |    18 |   506 |   614 ||  1138
         Short sword       |       |       |       |       |    20 ||    20
  Throw: Javelin           |       |       |     4 |     5 |       ||     9
         Dart              |       |       |     4 |       |       ||     4
 Invoke: Grow Ballistomyce |       |       |     1 |     5 |    12 ||    18
         Wall of Briars    |       |       |     1 |     2 |       ||     3
         Overgrow          |       |       |     1 |     1 |       ||     2
         Grow Oklob        |       |       |       |       |     2 ||     2
  Evoke: Wand              |       |       |     2 |     2 |    14 ||    18
         Condenser vane    |       |       |       |       |     1 ||     1
         Phantom mirror    |       |       |       |       |     1 ||     1
    Use: Scroll            |     2 |     4 |     7 |    16 |     5 ||    34
         Potion            |     1 |     2 |       |       |     1 ||     4
   Stab: Invisible         |       |       |     1 |     1 |     2 ||     4
         Sleeping          |       |       |       |    15 |     2 ||    17
         Distracted        |       |       |       |     1 |     1 ||     2
         Confused          |       |       |       |     3 |     3 ||     6
 Armour: Robe              |     8 |       |       |       |       ||     8
         Leather armour    |     8 |    23 |       |       |       ||    31
         Scale mail        |       |    20 |   118 |   118 |   144 ||   400
  Dodge: Dodged            |    78 |   160 |   178 |   248 |   211 ||   875
  Block: Kite shield       |       |       |       |   158 |   465 ||   623
         Reflection        |       |       |       |       |    29 ||    29
